 Dungeon Crawl Stone Soup version 0.19.0-24-gb05acd6 (webtiles) character file.

189 smedtjen the Firebug (level 5, 0/38 HPs)
             Began as a Draconian Fire Elementalist on Nov 20, 2016.
             Slain by a hound (2 damage)
             ... on level 5 of the Dungeon.
             The game lasted 00:20:15 (4907 turns).

smedtjen the Firebug (Draconian Fire Elementalist)  Turns: 4907, Time: 00:20:15

Health: 0/38       AC:  5    Str: 10 (12) XL:     5   Next: 40%
Magic:  3/9        EV: 12    Int: 13 (15) God:
Gold:   268        SH:  0    Dex:  8 (11) Spells: 2 memorised, 6 levels left

rFire  + . .     SeeInvis .     j - +1 flail (drain)
rCold  + . .     Gourm    .     (armour unavailable)
rNeg   . . .     Faith    .     (no shield)
rPois  +         Spirit   .     (helmet restricted)
rElec  +         Reflect  .     (no cloak)
rCorr  +         Harm     .     (no gloves)
MR     .....                    (no boots)
Stlth  +++.......               d - amulet of rage (curse)
                                t - +6 ring of slaying
                                i - ring of stealth

@: resistant, very slightly contaminated
A: unfitting armour, cold-blooded, AC +5
a: Evoke Berserk Rage


You were on level 5 of the Dungeon.
You were not hungry.

You visited 1 branch of the dungeon, and saw 5 of its levels.

You collected 268 gold pieces.

Inventory:

Hand Weapons
 g - a cursed -3 dagger
 j - a +1 flail of draining (weapon)
Missiles
 v - 3 javelins (quivered)
Jewellery
 b - an uncursed ring of protection from fire
 d - a cursed amulet of rage (around neck)
 i - a ring of stealth (left hand)
 t - a +6 ring of slaying (right hand)
Scrolls
 l - 2 scrolls of enchant armour {unknown}
 m - a scroll of teleportation {unknown}
 n - 2 scrolls of fog {unknown}
 o - a scroll of random uselessness {unknown}
 s - 2 scrolls of remove curse
Potions
 f - a potion of heal wounds {unknown}
 h - a potion of resistance
 k - a potion of cure mutation {unknown}
 u - a potion of degeneration
 w - a potion of might {unknown}
Books
 a - a book of Flames

   Spells                             Type                      Level
   a - Flame Tongue                   Conjuration/Fire             1
   b - Throw Flame                    Conjuration/Fire             2
   c - Conjure Flame                  Conjuration/Fire             3
   d - Inner Flame                    Hexes/Fire                   3
   e - Sticky Flame                   Conjuration/Fire             4
   f - Fireball                       Conjuration/Fire             5
Comestibles
 q - 3 meat rations


   Skills:
 + Level 0.2 Fighting
 + Level 0.8 Maces & Flails
 + Level 2.6 Dodging
 + Level 2.6 Stealth
 + Level 2.3 Unarmed Combat
 + Level 2.7 Spellcasting
 + Level 1.8 Conjurations
 + Level 3.4 Fire Magic


You had 6 spell levels left.
You knew the following spells:

 Your Spells              Type           Power        Failure   Level  Hunger
a - Flame Tongue          Conj/Fire      #....        10%         1    #......
b - Throw Flame           Conj/Fire      #.....       14%         2    ###....


Dungeon Overview and Level Annotations

Branches:
Dungeon (5/15)
 Temple: D:4-7

Altars:
Okawaru

Shops:
D:4 *


Innate Abilities, Weirdness & Mutations

Your plain brown scales are hard. (AC +5)
You cannot fit into any form of body armour.
You are cold-blooded and may be slowed by cold attacks.


Message History

The hound bites you but does no damage. The hound misses you.
Casting: Flame Tongue
Confirm with . or Enter, or press ? or * to list all spells.
Aiming: Flame Tongue
Press: ? - help, Shift-Dir - straight line, f/p - hound
Aim: a hound (heavily wounded)
The flame tongue misses the hound.
The flame tongue misses the jackal.
The hound bites you.
* * * LOW HITPOINT WARNING * * *
Casting: Flame Tongue
Confirm with . or Enter, or press ? or * to list all spells.
Aiming: Flame Tongue
Press: ? - help, Shift-Dir - straight line, f/p - hound
Aim: a hound (heavily wounded)
The flame tongue misses the hound.
The flame tongue hits the jackal.
The jackal is heavily wounded.
The hound bites you.
* * * LOW HITPOINT WARNING * * *
The hound bites you.
You die...

###
#@#
#h#
#h#
..#
###


You could see a hound and a jackal.

Vanquished Creatures
  Ijyb (D:3)
  4 gnolls (D:3)
  3 adders
  3 oozes
  A worm (D:3)
  2 dart slugs (D:1)
  2 leopard geckos
  2 ball pythons
  5 giant cockroaches
  5 goblins
  4 hobgoblins (D:1)
  8 jackals
  9 bats
  8 frilled lizards
  14 kobolds
  9 rats
80 creatures vanquished.

Notes
Turn   | Place    | Note
-------+----------+-------------------------------------------
     0 | D:1      | smedtjen the Draconian Fire Elementalist began the quest for the Orb.
     0 | D:1      | Reached XP level 1. HP: 14/14 MP: 3/3
   502 | D:1      | Reached XP level 2. HP: 15/20 MP: 5/5
   506 | D:1      | Learned a level 2 spell: Throw Flame
  1652 | D:1      | Reached XP level 3. HP: 26/26 MP: 4/6
  1933 | D:1      | Reached skill level 1 in Unarmed Combat
  2722 | D:2      | Found an iron altar of Okawaru.
  2963 | D:2      | Reached XP level 4. HP: 21/33 MP: 4/7
  3817 | D:3      | Noticed Ijyb
  3829 | D:3      | Killed Ijyb
  3829 | D:3      | Reached XP level 5. HP: 35/38 MP: 6/9
  4814 | D:4      | Found Vin Seud's Elemental Accessories.
  4901 | D:5      | Entered Level 5 of the Dungeon
  4907 | D:5      | Slain by a hound

Skill      XL: |  1  2  3  4 |
---------------+-------------+-----
Dodging        | 2 |  2.6
Stealth        | 2 |  2.6
Unarmed Combat | 1 2 |  2.3
Fighting       | |  0.2
Maces & Flails | |  0.8
Spellcasting   | |  2.7
Conjurations   | |  1.8
Fire Magic     | |  3.4

Action                   |  1- 3 |  4- 6 || total
-------------------------+-------+-------++-------
Melee: Unarmed           |   160 |    22 ||   182
       Tailslap          |    11 |     5 ||    16
       Punch             |     1 |     1 ||     2
       Flail             |       |    32 ||    32
 Cast: Flame Tongue      |    15 |    20 ||    35
       Throw Flame       |     9 |    16 ||    25
  Use: Scroll            |     2 |     2 ||     4
       Potion            |       |     5 ||     5
 Stab: Sleeping          |     6 |     2 ||     8
  Eat: Bread ration      |     2 |       ||     2
       Chunk             |     1 |     2 ||     3
       Meat ration       |       |     1 ||     1
Armor: Skin              |    77 |    42 ||   119
Dodge: Dodged            |   111 |    94 ||   205
